 Dungeon Crawl Stone Soup version 0.31-a0-1591-g515db51633 (webtiles) character file.

Game seed: 4716081151137008343

1703 cvdvbs the Trooper (level 8, 0/109 HPs)
             Began as a Minotaur Fighter on Jan 6, 2024.
             Was an Initiate of Okawaru.
             Slain by hitsuchi's ghost (9 damage)
             ... on level 7 of the Dungeon.
             The game lasted 00:10:07 (4189 turns).

cvdvbs the Trooper (Minotaur Fighter)               Turns: 4189, Time: 00:10:07

Health: 0/109      AC: 21    Str: 23    XL:     8   Next: 73%
Magic:  7/7        EV:  9    Int:  5    God:    Okawaru [......]
Gold:   274        SH:  6    Dex: 16    Spells: 7/7 levels left

rFire   . . .        a - +1 war axe (protect)
rCold   . . .        c - +0 buckler
rNeg    . . .        g - +1 plate armour
rPois   .            (helmet restricted)
rElec   .            (no cloak)
rCorr   .            (no gloves)
SInv    +            (no boots)
Will    +....        b - amulet of regeneration Stlth
                     r - ring of see invisible
HPRegen 1.18/turn    p - +6 ring of dexterity
MPRegen 0.10/turn

%: no passive effects
@: berserking, lethally poisoned (0 -> -15), on fire, under a protective aura,
enlightened, flying, glowing, very quick
A: horns 2, retaliatory headbutt, camouflage 1
a: Renounce Religion


You were on level 7 of the Dungeon.
You worshipped Okawaru.
Okawaru was noncommittal.
You visited 2 branches of the dungeon, and saw 8 of its levels.

You collected 274 gold pieces.

Inventory:

Hand Weapons
 a - a +1 war axe of protection (weapon)
Armour
 c - a +0 buckler (worn)
 g - a +1 plate armour (worn)
 j - a +0 pair of boots
 t - the +1 pair of boots of the Beloved God {rF++}
   (You acquired it on level 7 of the Dungeon)

   rF++:      It greatly protects you from fire.
Jewellery
 b - an amulet of regeneration (around neck)
 m - a ring of positive energy
 p - a +6 ring of dexterity (right hand)
 q - an amulet of reflection
 r - a ring of see invisible (left hand)
 s - a ring of ice
Scrolls
 n - a scroll of teleportation
Potions
 d - a potion of enlightenment
 e - a potion of berserk rage
 f - a potion of mutation
 h - a potion of ambrosia {unknown}
 i - a potion of heal wounds {unknown}
 k - 2 potions of curing
 l - 2 potions of attraction
 o - a potion of lignification {unknown}


   Skills:
 + Level 7.0 Fighting
 + Level 6.4 Axes
 + Level 7.0 Armour
 + Level 5.2 Dodging
 + Level 7.0 Shields


You had 7 spell levels left.
You didn't know any spells.
Your spell library contained the following spells:

 Spells                   Type           Power      Damage    Failure   Level
 Jinxbite                 Hex            0%         N/A       100%        2
 Frozen Ramparts          Ice            0%         1d1       100%        3
 Sigil of Binding         Hex            0%         N/A       100%        3
 Dimensional Bullseye     Hex/Tloc       0%         N/A       100%        4
 Leda's Liquefaction      Alch/Erth      0%         N/A       100%        4
 Petrify                  Alch/Erth      0%         N/A       100%        4
 Metabolic Englaciation   Hex/Ice        0%         N/A       100%        5
 Yara's Violent Unravell  Hex/Alch       0%         3d3       100%        5
 Enfeeble                 Hex            0%         N/A       100%        7
 Call Canine Familiar     Summ           Unusable   N/A       N/A         3

Dungeon Overview and Level Annotations

Branches:
Dungeon (7/15)             Temple (1/1) D:6

Altars:
Ashenzari
Cheibriados
Dithmenos
Elyvilon
Fedhas
Hepliaklqana
Makhleb
Nemelex Xobeh
Okawaru
Qazlal
Trog

Shops:
D:1 (

Annotations:
D:7 hitsuchi's ghost, novice NaAl


Innate Abilities, Weirdness & Mutations

You have a pair of horns on your head.
You reflexively headbutt those who attack you in melee.
Your skin changes colour to match your surroundings (Stealth+).


Message History

You feel better.
You are poisoned.
Hitsuchi's ghost's toxic aura wanes.
You block hitsuchi's ghost's attack.
It was a potion of berserk rage.
A red film seems to cover your vision as you go berserk!
You feel yourself moving faster!
You feel mighty!
You feel sick.
Hitsuchi's ghost mumbles some strange words.
Hitsuchi's ghost begins to radiate toxic energy.
You are more poisoned.
You miss hitsuchi's ghost. You headbutt hitsuchi's ghost.
Hitsuchi's ghost is lightly damaged.
You feel very sick.
Hitsuchi's ghost sprays you with burning goo.
The sticky flame hits you but does no damage.
You are covered in intense liquid fire!
You hit hitsuchi's ghost.
Your weapon exudes an aura of protection.
You headbutt hitsuchi's ghost!
Hitsuchi's ghost is moderately damaged.
The liquid fire burns you!
You feel sick.
You are more poisoned.
You slash hitsuchi's ghost!
Hitsuchi's ghost is moderately damaged.
The liquid fire burns you!
* * * LOW HITPOINT WARNING * * *
You feel very sick.
* * * LOW HITPOINT WARNING * * *
You are more poisoned.
Hitsuchi's ghost hits you but does no damage.
Unknown command.
You barely miss hitsuchi's ghost.
Hitsuchi's ghost is moderately damaged.
The liquid fire burns you!
* * * LOW HITPOINT WARNING * * *
x2 You feel very sick.
* * * LOW HITPOINT WARNING * * *
You are more poisoned.
Hitsuchi's ghost hits you!
You die...

.####.....#......#......#,,,,,,,,
####...........#.#.....#,,,,,,,,,
#####........#.........#*,,,*,,,,
######.#.....##..###.....,,,,,,,,
#######.......#...#***...,,,,,,,,
######...........#####...*,,,,,,,
########..##............,**,,,,,,
##############.#W....^..,,,,,,,,,
#..#@###....,>,,,,,,,
#.....#,,...,,,,,,,,,
####..#*,,.#,,,,,,,,,
####**,*#*,,,,*,,, *** **,,,*,,,
*,,,,*,, *,,***,* **** ***


You could see hitsuchi's ghost (toxic aura).

Vanquished Creatures
  Prince Ribbit (D:5)
  Edmund (D:5)
  A water moccasin (D:6)
  An ice beast (D:6)
  An orc warrior (D:6)
  2 black bears (D:5)
  A scorpion (D:6)
  A howler monkey (D:5)
  A bombardier beetle (D:6)
  2 jellies
  4 hounds
  5 orc priests
  5 iguanas
  2 sleepcaps
  2 orc wizards
  Terence (D:2)
  6 adders
  2 white imps
  2 ufetubi (D:7)
  4 dart slugs
  2 ribbon worms (D:4)
  26 orcs
  7 ball pythons
  5 bats
  7 endoplasms
  2 giant cockroaches
  7 hobgoblins
  2 jackals (D:1)
  5 kobolds
  6 quokkas
  6 frilled lizards
  5 goblins
  9 rats
134 creatures vanquished.

Notes
Turn   | Place    | Note
-------+----------+-------------------------------------------
     0 | D:1      | cvdvbs the Minotaur Fighter began the quest for the Orb.
     0 | D:1      | Reached XP level 1. HP: 19/19 MP: 0/0
   142 | D:1      | Reached XP level 2. HP: 13/27 MP: 1/1
   298 | D:1      | Found Hudeofump's Antique Weapon Boutique.
   302 | D:1      | Reached skill level 1 in Dodging
   401 | D:1      | Reached XP level 3. HP: 30/33 MP: 2/2
   616 | D:2      | Gained mutation: Your skin changes colour to match your
                  | surroundings (Stealth+). [potion of mutation]
   679 | D:2      | Noticed Terence
   689 | D:2      | Killed Terence
   770 | D:2      | Reached XP level 4. HP: 40/40 MP: 3/3
  1706 | D:3      | Reached XP level 5. HP: 40/47 MP: 4/4
  1777 | D:3      | Found a stormy altar of Qazlal.
  1912 | D:3      | Found a hazy altar of Hepliaklqana.
  2228 | D:4      | Reached XP level 6. HP: 55/55 MP: 5/5
  2476 | D:4      | Reached skill level 5 in Fighting
  2476 | D:4      | Reached skill level 5 in Armour
  2476 | D:4      | Reached skill level 5 in Shields
  2547 | D:5      | Entered Level 5 of the Dungeon
  2824 | D:5      | Reached XP level 7. HP: 56/61 MP: 6/6
  2898 | D:5      | Reached skill level 5 in Axes
  3072 | D:5      | Noticed Edmund
  3075 | D:5      | Noticed Prince Ribbit
  3085 | D:5      | Killed Edmund
  3090 | D:5      | Killed Prince Ribbit
  3091 | D:5      | Reached XP level 8. HP: 64/70 MP: 7/7
  3422 | D:6      | Found a staircase to the Ecumenical Temple.
  3440 | Temple   | Entered the Ecumenical Temple
  3464 | Temple   | Became a worshipper of Warmaster Okawaru
  3659 | D:6      | Reached skill level 5 in Dodging
  4070 | D:7      | Noticed hitsuchi's ghost (novice NaAl)
  4070 | D:7      | Found a runed translucent door.
  4176 | D:7      | Identified a scroll of acquirement
  4176 | D:7      | Acquired the +1 pair of boots of the Beloved God {rF++}
  4189 | D:7      | Slain by hitsuchi's ghost

Illustrated notes

Levels and vault maps discovered:
D:1:      nagdon_arrival_zigzag_paths, layout_rooms, serial_shops,
          nicolae_shop_temple_entry_statues_fountains, minmay_3d_cube
D:2:      layout_basic, minmay_heptomino_d4, uniq_terence
D:3:      layout_rooms, worldfamousw_hep_ancestral_shrine, grunt_qazlal_clouds
D:4:      layout_loops_ring
D:5:      layout_layer_cave, uniq_prince_ribbit1, uniq_edmund
D:6:      layout_gridville, minmay_temple_entry_glass
D:7:      layout_cave_pools, hellmonk_ghost_happy_afterlife
Temple:   nicolae_temple_bog_church

Skill      XL: |  1  2  3  4  5  6  7  8 |
---------------+-------------------------+-----
Dodging        | 1 2 3 4 5 |  5.2
Fighting       | 4 5 6 7 |  7.0
Armour         | 4 5 6 7 |  7.0
Shields        | 4 5 6 7 |  7.0
Axes           | 3 4 5 6 |  6.4

Action                     |  1- 3 |  4- 6 |  7- 9 || total
---------------------------+-------+-------+-------++-------
  Melee: War axe           |    66 |   139 |   118 ||   323
         Headbutt          |     8 |    25 |    25 ||    58
    Use: Scroll            |     5 |     7 |     5 ||    17
         Potion            |     1 |       |     5 ||     6
 Armour: Scale mail        |    19 |       |       ||    19
         Plate armour      |    31 |    89 |   111 ||   231
  Dodge: Dodged            |    35 |    49 |    60 ||   144
  Block: Buckler           |    13 |    33 |    35 ||    81

Table legend: (Time is in decaauts)
 A = Elapsed time spent in this place.
 B = Non-inter-level travel time spent in this place.
 C = Inter-level travel time spent in this place.
 D = Time resting spent in this place.
 E = Time spent auto-exploring this place.
 F = Levels seen in this place.
 G = Mean time per level.
                   A        B        C        D        E       F      G
               +--------+--------+--------+--------+--------+-----+--------+
         Total |   4284 |   4039 |    245 |     49 |   3019 |   8 |  535.5 |
       Dungeon |   4239 |   4033 |    206 |     49 |   3019 |   7 |  605.6 |
        Temple |     45 |      6 |     39 |      0 |      0 |   1 |   45.0 |
               +--------+--------+--------+--------+--------+-----+--------+

Top non-repeatable levels by time:
     D:2: 958 daAuts
     D:5: 841 daAuts
     D:6: 667 daAuts
     D:4: 631 daAuts
     D:1: 585 daAuts
     D:3: 434 daAuts
     D:7: 120 daAuts
  Temple: 45 daAuts
